 Dungeon Sprint DCSS version 0.30.1-4-g462c640d31 (webtiles) character file.

Game seed: 763777505039514514

728 Heoruswealwe the Blocker (level 7, -4/68 HPs)
             Began as a Demigod Fighter on Aug 17, 2023.
             Slain by a sixfirhy (12 damage)
             ... summoned by a kobold demonologist
             ... in the Dungeon (Sprint I: "Red Sonja").
             The game lasted 00:03:40 (461 turns).

Heoruswealwe the Blocker (Demigod Fighter)           Turns: 461, Time: 00:03:41

Health: -4/68      AC:  8    Str: 25    XL:     7   Next: 20%
Magic:  9/9        EV:  9    Int: 10    God:
Gold:   412        SH:  6    Dex: 13    Spells: 6/6 levels left

rFire   . . .        a - +0 war axe
rCold   + . .        c - +0 buckler
rNeg    . . .        b - +0 scale mail
rPois   .            (no helmet)
rElec   .            (no cloak)
rCorr   .            (no gloves)
SInv    .            (no boots)
Will    .....        (no amulet) Stlth
                     d - ring of protection from cold
HPRegen 0.31/turn    (no ring)
MPRegen 0.11/turn

%: no teleportation
@: no status effects
A: high MP 1, forlorn, divine attributes
a: no special abilities


You were in the Dungeon.
You visited 1 branch You collected 412 gold pieces.

Inventory:

Hand Weapons
 a - a +0 war axe (weapon)
Armour
 b - a +0 scale mail (worn)
 c - a +0 buckler (worn)
Jewellery
 d - a ring of protection from cold (left hand)
Wands
 i - a wand of charming (7)
Scrolls
 g - a scroll of identify {unknown}
 j - a scroll of blinking
Potions
 e - a potion of curing
 h - 2 potions of magic


   Skills:
 + Level 8.0 Fighting
 + Level 7.7 Axes
 + Level 8.0 Armour
 + Level 8.0 Shields


You had 6 spell levels left.
You didn't know any spells.
Your spell library was empty.

Dungeon Overview and Level Annotations

Branches:
Dungeon (1/1)

Shops:
D !


Innate Abilities, Weirdness & Mutations

You have an increased reservoir of magic. (+10% MP)
You shall have no god before yourself.
Your divine heritage dramatically boosts your attributes as you level up.


Message History

The floating eye pulsates ominously.
The kobold demonologist hits you with a +0 dagger.
You slash the kobold demonologist!
The kobold demonologist is heavily wounded.
You slash the floating eye!
You kill the floating eye!
You block the sixfirhy's attack.
The sixfirhy hits you but does no damage.
The sixfirhy hits you. The sixfirhy shocks you! The sixfirhy hits you.
The sixfirhy shocks you!
The kobold demonologist barely misses you.
Your Fighting skill increases to level 8!
Your Armour skill increases to level 8!
Your Shields skill increases to level 8!
You hit the kobold demonologist.
The kobold demonologist is heavily wounded.
You miss the sixfirhy. The sixfirhy barely misses you. The sixfirhy hits you.
The sixfirhy shocks you! The sixfirhy hits you.
* * * LOW HITPOINT WARNING * * *
The sixfirhy shocks you!
* * * LOW HITPOINT WARNING * * *
The kobold demonologist casts a spell.
You feel much better.
The kobold demonologist casts a spell.
The kobold demonologist barely misses you.
You barely miss the kobold demonologist.
The kobold demonologist is heavily wounded.
You barely miss the sixfirhy.
The kobold demonologist looks satisfied for a moment.
The kobold demonologist gestures wildly while chanting.
The sixfirhy hits you. The sixfirhy shocks you!
You slash the kobold demonologist!
The kobold demonologist is severely wounded.
You miss the sixfirhy. You slash the orange demon! The sixfirhy hits you!
The sixfirhy shocks you!
* * * LOW HITPOINT WARNING * * *
The sixfirhy hits you.
* * * LOW HITPOINT WARNING * * *
The sixfirhy shocks you!
You die...

#####################
.)..#.)'..#__#.4@345#
.#..'..#..'..'..#KK5#
###'#####'#__####455+
##..#...#.#### ####
_####..##.#
____##'#_.+
.∩...'..._#
..__##_.#'#
____###+#.#


You could see an orange demon (summoned), a hellwing (summoned), a rust devil
(summoned), 2 kobold demonologists, a sixfirhy (summoned), a quasit (summoned),
2 crimson imps and an ufetubus (summoned).

Vanquished Creatures
  Sigmund (D)
  A slime creature (D)
  A yak (D)
  A floating eye (D)
  An ogre (D)
  A jelly (D)
  Ijyb (D)
7 creatures vanquished.

Notes
Turn   | Place    | Note
-------+----------+-------------------------------------------
     0 | D        | Heoruswealwe the Demigod Fighter began the quest for the
                  | Orb.
     0 | D        | Reached XP level 1. HP: 18/18 MP: 3/3
    12 | D        | Noticed Ijyb
    27 | D        | Killed Ijyb
    28 | D        | Reached XP level 2. HP: 12/27 MP: 4/4
    93 | D        | Noticed an ogre
   100 | D        | Killed an ogre
   101 | D        | Reached skill level 5 in Armour
   101 | D        | Reached skill level 5 in Shields
   101 | D        | Reached XP level 3. HP: 7/35 MP: 5/5
   101 | D        | Reached XP level 4. HP: 8/41 MP: 6/6
   104 | D        | Noticed Sigmund
   118 | D        | Killed Sigmund
   119 | D        | Reached XP level 5. HP: 14/51 MP: 7/7
   128 | D        | Noticed a slime creature
   134 | D        | Killed a slime creature
   135 | D        | Reached XP level 6. HP: 8/60 MP: 8/8
   362 | D        | Found Deqajune's Distillery.
   362 | D        | Noticed a yak
   372 | D        | Killed a yak
   373 | D        | Reached XP level 7. HP: 46/67 MP: 9/9
   450 | D        | Noticed a kobold demonologist
   451 | D        | Noticed a kobold demonologist
   452 | D        | Paralysed by a floating eye for 3 turns
   453 | D        | Noticed a rust devil
   454 | D        | Noticed a hellwing
   455 | D        | Noticed a sixfirhy
   461 | D        | Noticed an orange demon
   461 | D        | Slain by a sixfirhy

Illustrated notes

Levels and vault maps discovered:
D:        dungeon_sprint_1 [red_sonja_temple_1, red_sonja_temple_small_1]

Skill      XL: |  1  2  3  4  5  6  7 |
---------------+----------------------+-----
Fighting       | 3 4 6 7 8 |  8.0
Axes           | 3 4 6 7 |  7.7
Armour         | 3 5 6 7 8 |  8.0
Shields        | 3 5 6 7 8 |  8.0

Action                     |  1- 3 |  4- 6 |  7- 9 || total
---------------------------+-------+-------+-------++-------
  Melee: War axe           |    14 |    25 |     7 ||    46
    Use: Potion            |     3 |       |     1 ||     4
 Armour: Scale mail        |     6 |     4 |     4 ||    14
  Dodge: Dodged            |     5 |     5 |     4 ||    14
  Block: Buckler           |     1 |     4 |     1 ||     6
